 Dungeon Crawl Stone Soup version 0.29.1-2-gbd0b4ee654 (webtiles) character file.

Game seed: 2723966508318503804

31 hawla the Firebug (level 3, 0/26 HPs)
             Began as a Meteoran Fire Elementalist on Nov 2, 2022.
             Slain by a rat (3 damage)
             ... on level 2 of the Dungeon.
             The game lasted 00:03:39 (515 turns).

hawla the Firebug (Meteoran Fire Elementalist)       Turns: 515, Time: 00:03:40

Health: 0/26       AC:  2    Str:  9    XL:     3   Next: 61%
Magic:  0/8        EV: 12    Int: 19    God:
Gold:   89         SH:  5    Dex: 14    Spells: 5/8 levels left

rFire   . . .      SeeInvis .   (no weapon)
rCold   . . .      Faith    .   (no shield)
rNeg    . . .      Spirit   .   a - +0 robe
rPois   .          Reflect  +   (no helmet)
rElec   .          Harm     .   (no cloak)
rCorr   .          Rampage  .   (no gloves)
Will    .....                   (no boots)
Stlth   +.........              f - amulet of reflection
HPRegen 0.08/turn               (no ring)
MPRegen 0.11/turn               (no ring)

@: about to teleport, glowing
A: sense surroundings 1, otherworldly, glowing, explore regen
a: no special abilities


You were on level 2 of the Dungeon.
You visited 1 branch of the dungeon, and saw 2 of its levels.

You collected 89 gold pieces.

Inventory:

Armour
 a - a +0 robe (worn)
Jewellery
 f - an amulet of reflection (around neck)
Potions
 b - a potion of magic
 d - 2 potions of haste
 g - 2 potions of flight
 i - a potion of degeneration


   Skills:
 + Level 2.7 Dodging
 - Level 1.4 Stealth
 + Level 0.6 Shields
 + Level 3.2 Spellcasting
 + Level 1.3 Conjurations
 + Level 4.4 Fire Magic


You had 5 spell levels left.
You knew the following spells:

 Your Spells              Type           Power      Damage    Failure   Level
a - Foxfire               Conj/Fire      56%        2x1d6     4%          1
b - Scorch                Fire           38%        2d7       3%          2

Your spell library contained the following spells:

 Spells                   Type           Power      Damage    Failure   Level
 Conjure Flame            Conj/Fire      14%        6-21      14%         3
 Inner Flame              Hex/Fire       11%        N/A       19%         3
 Flame Wave               Conj/Fire      14%        2d6       41%         4


Dungeon Overview and Level Annotations

Branches:
Dungeon (2/15) Zot: 684

Altars:

Shops:
D:1 =


Innate Abilities, Weirdness & Mutations

You passively map a small area around you.
You are easily found by Zot.
You glow in the dark.
You regain HP and MP as you explore.


Message History

Okay, then.
Saving game... please wait.
Welcome back, hawla the Meteoran Fire Elementalist.
Press ? for a list of commands and other information.
The rat attacks as you move away! The rat bites you.
The rat closely misses you. The rat bites you.
The rat attacks as you move away! The rat misses you.
The rat attacks as you move away! The rat bites you. x2
There is a stone staircase leading down here.
The rat attacks as you move away! The rat misses you.
The rat attacks as you move away! The rat misses you.
The rat attacks as you move away! The rat bites you.
The rat attacks as you move away! The rat bites you.
There is a shaft here.
The rat twitches its whiskers.
The rat falls through a shaft!
The shaft crumbles and collapses.
The rat barely misses you. The rat barely misses you.
The rat attacks as you move away! The rat closely misses you.
The quokka bites you.
The quokka bites you but does no damage.
There is a stone staircase leading down here.
The rat attacks as you move away! You block the rat's attack.
The quokka bites you.
You barely miss the rat. The quokka bites you. The rat barely misses you.
The rat bites you. You block the rat's attack. The rat bites you.
* * * LOW HITPOINT WARNING * * *
As you read the scroll of teleportation, it crumbles to dust.
You feel strangely unstable. The quokka bites you.
* * * LOW HITPOINT WARNING * * *
The rat closely misses you. The rat barely misses you.
The rat bites you but does no damage. x2
Cast which spell? (? or * to list) Flames lash the rat.
You kill the rat!
The quokka barely misses you. The rat bites you.
* * * LOW HITPOINT WARNING * * *
The rat bites you.
You die...

* ## ,** .### , ,,
...######* ########
.♣....... #<.....#
...# # *** #......#
#.### ,, #......#
....# * , #rr)...#
....# **#@rr...#
..<.# #######rrr...#
....#
####.......#.####
#.#####....#######†#
........#### #.#
##.###### #.# #.#
#># #.# ##.# #.#*
#).#


You could see a quokka and 6 rats.

Vanquished Creatures
  An adder (D:2)
  A dart slug (D:1)
  2 ball pythons
  A bat (D:1)
  An endoplasm (D:1)
  A giant cockroach (D:1)
  A quokka (D:1)
  3 frilled lizards
  2 kobolds
  13 rats
26 creatures vanquished.

Vanquished Creatures (others)
  50 foxfires
50 creatures vanquished.

Grand Total: 76 creatures vanquished

Notes
Turn   | Place    | Note
-------+----------+-------------------------------------------
     0 | D:1      | hawla the Meteoran Fire Elementalist began the quest for
                  | the Orb.
     0 | D:1      | Reached XP level 1. HP: 14/14 MP: 5/5
   102 | D:1      | Found Emoepruwk's Jewellery Emporium.
   109 | D:1      | Reached XP level 2. HP: 14/20 MP: 3/6
   114 | D:1      | Learned a level 2 spell: Scorch
   217 | D:1      | Reached skill level 4 in Fire Magic
   234 | D:1      | Found a faded altar of an unknown god.
   429 | D:2      | Reached XP level 3. HP: 26/26 MP: 4/8
   515 | D:2      | Slain by a rat

Illustrated notes

Levels and vault maps discovered:
D:1:      wander_arrival_estate, layout_rooms, serial_shops,
          nicolae_shop_statue_plus, dreamdust_ecumenical_altar_statues
D:2:      layout_rooms, grunt_ministairs_13, minmay_rat_hole

Skill      XL: |  1  2 |
---------------+-------+-----
Spellcasting   | 3 |  3.2
Fire Magic     | 4 |  4.4
Dodging        | |  2.7
Stealth        | |  1.4
Shields        | |  0.6
Conjurations   | |  1.3

Action                   || total
-------------------------++-------
Melee: Unarmed           ||     8
 Cast: Foxfire           ||    29
       Scorch            ||     8
  Use: Scroll            ||     7
Armor: Robe              ||     8
Dodge: Dodged            ||    21
Block: Other             ||     3
